 Dungeon Crawl Stone Soup version 0.24-a0-11-g46ee55f (webtiles) character file.

Game seed: 2804122686412483670

4252 CanOfBees the Destroyer (level 10, -2/63 HPs)
             Began as a Tengu Conjurer on Jan 31, 2019.
             Was a Believer of Sif Muna.
             Slain by Harold
             ... wielding a +2 short sword of freezing
              (3 damage)
             ... on level 9 of the Dungeon.
             The game lasted 00:21:58 (11153 turns).

CanOfBees the Destroyer (Tengu Conjurer)           Turns: 11153, Time: 00:21:59

Health: -2/63      AC:  9    Str: 14    XL:     10   Next: 31%
Magic:  16/21      EV: 15    Int: 16    God:    Sif Muna [**....]
Gold:   15         SH:  0    Dex: 15    Spells: 11/22 levels left

rFire    . . .     SeeInvis .   n - +1 short sword (drain)
rCold    . . .     Gourm    .   (no shield)
rNeg     . . .     Faith    +   x - +2 ring mail {MR+}
rPois    .         Spirit   .   (helmet restricted)
rElec    .         Reflect  .   v - +0 cloak
rCorr    .         Harm     .   (no gloves)
MR       +....                  (boots unavailable)
Stlth    +.........             H - amulet of faith
HPRegen  0.20/turn              t - +3 ring of strength
MPRegen  0.17/turn              (no ring)

@: marked, flying quickly and evasively, quick
A: beak, talons 3, able to fly
a: Stop Flying, Divine Energy, Renounce Religion


You were on level 9 of the Dungeon.
You worshipped Sif Muna.
Sif Muna was pleased with you.
You were very hungry.

You visited 2 branches of the dungeon, and saw 10 of its levels.

You collected 540 gold pieces.
You spent 525 gold pieces at shops.

Inventory:

Hand Weapons
 d - a +0 spear
 n - a +1 short sword of draining (weapon)
 r - a +1 rapier of speed
 B - a +0 long sword
Missiles
 m - 11 poisoned needles
 D - 4 tomahawks (quivered)
Armour
 v - a +0 cloak (worn)
 x - a +2 ring mail of magic resistance (worn)
 O - a +2 robe of fire resistance
Magical Staves
 K - an uncursed staff of fire
Jewellery
 t - a +3 ring of strength (left hand)
 G - the amulet "Beomo" {Fragile rElec rF+ Regen+}
   (You bought it in a shop on level 8 of the Dungeon)

   [amulet of regeneration]

   It protects you from fire.
   It insulates you from electricity.
   It increases your rate of regeneration.
   It will be destroyed if unequipped.
 H - an amulet of faith (around neck)
 L - an uncursed amulet of the acrobat
 P - a +4 amulet of reflection
Wands
 a - a wand of random effects (36)
 y - a wand of enslavement (2)
 z - a wand of acid (5)
 C - a wand of disintegration (13)
 E - a wand of digging (4)
Scrolls
 f - 5 scrolls of remove curse
 g - a scroll of amnesia
 j - a scroll of magic mapping
 k - a scroll of random uselessness {unknown}
 l - a scroll of enchant armour {unknown}
 p - a scroll of immolation
 q - 2 scrolls of noise
 F - a scroll of teleportation {unknown}
Potions
 b - a potion of lignification
 h - 4 potions of curing
 i - a potion of ambrosia {unknown}
 o - 4 potions of heal wounds
 s - 2 potions of flight
 u - a potion of agility {unknown}
 w - 2 potions of berserk rage {unknown}
 A - a potion of magic {unknown}
 I - a potion of might
 N - 2 potions of mutation {unknown}
Miscellaneous
 M - a lightning rod (4/4)
Comestibles
 c - 12 rations


   Skills:
 + Level 7.0 Fighting
 - Level 4.0 Armour
 + Level 4.2 Dodging
 - Level 2.0 Stealth
 + Level 6.8 Spellcasting
 + Level 10.7 Conjurations
 - Level 2.5 Hexes
 - Level 4.0 Invocations


You had 11 spell levels left.
You knew the following spells:

 Your Spells              Type           Power        Failure   Level  Hunger
a - Magic Dart            Conj           ####         1%          1    None
b - Searing Ray           Conj           #####.       1%          2    None
c - Iskenderun's Mystic   Conj           #####...     3%          4    ####...
d - Fulminant Prism       Conj/Hex       ####......   16%         4    ####...

Your spell library contained the following spells:

 Spells                   Type           Power        Failure   Level  Hunger
 Dazzling Spray           Conj/Hex       ####..       4%          3    ##.....
 Force Lance              Conj/Tloc      ###.....     26%         4    ####...


Dungeon Overview and Level Annotations

Branches:
Dungeon (9/15)             Temple (1/1) D:5
   Lair: D:8-11         Orc: D:9-12

Altars:
Ashenzari
Cheibriados
Dithmenos
Elyvilon
Gozag
Hepliaklqana
Kikubaaqudgha
Makhleb
Nemelex Xobeh
Okawaru
Qazlal
Ru
Sif Muna
Trog
Uskayaw
Yredelemnul

Shops:
D:8 =**}

Annotations:
D:6 2 transporters, Ancylostoma's ghost, novice VSAs
D:7 2 runed translucent doors, acutertriangle's ghost, novice MiBe
D:9 Harold


Innate Abilities, Weirdness & Mutations

You have a beak for a mouth.
You have claws for feet.
You can fly continuously.


Message History

Harold hits you with a +2 short sword of freezing.
Harold freezes you.
Your jelly hits Harold but does no damage.
The searing ray hits Harold!
Harold is moderately wounded.
Harold closely misses you.
Your jelly hits Harold but does no damage.
Harold hits you but does no damage.
The searing ray hits Harold.
Harold is heavily wounded.
Harold hits you with a +2 short sword of freezing!
* * * LOW HITPOINT WARNING * * *
Harold freezes you.
* * * LOW HITPOINT WARNING * * *
Your jelly closely misses Harold.
The searing ray misses Harold.
You finish channeling your searing ray.
Harold hits you with a +2 short sword of freezing!
* * * LOW HITPOINT WARNING * * *
Harold freezes you.
You die...

#####
##...###
#(.....
#}....#
#.....#
#.....#
#..<..#
#.@@.##
#.J..#
#.....#
##....#
#....#
#..?.#
#....#
+....#


You could see Harold and a friendly jelly.

Vanquished Creatures
  Pikel (D:6)
  A deep elf mage (D:8)
  Maurice (D:8)
  Grinder (D:4)
  Sigmund (D:4)
  An orc warrior (D:6)
  Eustachio (D:4)
  A hungry ghost (D:6)
  A black bear (D:8)
  3 slaves (D:6)
  2 phantoms (D:8)
  5 ogres
  2 centaurs (D:8)
  Blork the orc (D:5)
  3 bullfrogs
  A water moccasin zombie (D:5)
  A scorpion (D:7)
  4 howler monkeys
  2 crimson imps
  A hound (D:8)
  A bullfrog skeleton (D:8)
  A centaur zombie (D:7)
  3 orc wizards (D:8)
  Crazy Yiuf (D:5)
  2 orc priests
  A gnoll shaman (D:7)
  2 jellies
  An iguana (D:4)
  Terence (D:2)
  5 worker ants
  A worker ant zombie (D:6)
  3 howler monkey zombies
  5 gnolls (D:7)
  7 adders
  A shadow imp (D:8)
  2 oozes
  An adder skeleton (D:6)
  5 worms
  2 dart slugs (D:2)
  2 leopard geckos
  13 orcs
  A ball python (D:3)
  6 bats
  18 giant cockroaches
  6 goblins
  7 hobgoblins
  8 jackals
  3 quokkas
  6 frilled lizards
  8 kobolds
  A quokka zombie (D:5)
  15 rats
173 creatures vanquished.

Vanquished Creatures (collateral kills)
  3 orc priests (D:6)
3 creatures vanquished.

Vanquished Creatures (others)
  A shadow imp (D:7)
  3 fulminant prisms (D:7)
4 creatures vanquished.

Grand Total: 180 creatures vanquished

Notes
Turn   | Place    | Note
-------+----------+-------------------------------------------
     0 | D:1      | CanOfBees the Tengu Conjurer began the quest for the Orb.
     0 | D:1      | Reached XP level 1. HP: 10/10 MP: 4/4
   158 | D:1      | Reached XP level 2. HP: 14/16 MP: 3/6
   185 | D:1      | Learned a level 2 spell: Searing Ray
   367 | D:1      | Reached skill level 1 in Fighting
   718 | D:1      | Reached XP level 3. HP: 19/20 MP: 2/7
  1833 | D:2      | Reached skill level 6 in Conjurations
  2015 | D:2      | Reached XP level 4. HP: 23/26 MP: 9/9
  2151 | D:2      | Noticed Terence
  2166 | D:2      | Killed Terence
  2319 | D:2      | Learned a level 4 spell: Iskenderun's Mystic Blast
  2593 | D:2      | Gained mutation: You can fly continuously. [Tengu growth]
  2593 | D:2      | Reached XP level 5. HP: 31/31 MP: 5/10
  4098 | D:4      | Noticed Grinder
  4243 | D:4      | Killed Grinder
  4243 | D:4      | Reached skill level 1 in Armour
  4243 | D:4      | Reached skill level 7 in Conjurations
  4243 | D:4      | Reached XP level 6. HP: 12/37 MP: 6/12
  4580 | D:4      | You are sucked into a shaft for 3 floors!
  4691 | D:6      | Found a transporter.
  4728 | D:6      | Reached XP level 7. HP: 38/41 MP: 6/14
  4796 | D:6      | Found a transporter.
  4797 | D:6      | Noticed Ancylostoma's ghost (novice VSAs)
  5145 | D:6      | Killed an orc warrior
  5302 | D:5      | Entered Level 5 of the Dungeon
  5497 | D:4      | Noticed Sigmund
  5514 | D:4      | Killed Sigmund
  5514 | D:4      | Reached skill level 8 in Conjurations
  5514 | D:4      | Reached XP level 8. HP: 46/48 MP: 10/16
  5531 | D:4      | Learned a level 4 spell: Fulminant Prism
  5601 | D:4      | Noticed Eustachio
  5621 | D:4      | Killed Eustachio
  6016 | D:5      | Reached skill level 5 in Spellcasting
  6067 | D:5      | Reached skill level 1 in Hexes
  6135 | D:5      | Noticed Blork the orc
  6141 | D:5      | Killed Blork the orc
  6230 | D:5      | Found a staircase to the Ecumenical Temple.
  6257 | Temple   | Entered the Ecumenical Temple
  6348 | Temple   | Became a worshipper of Sif Muna the Loreminder
  6548 | D:5      | Found a runed translucent door.
  6549 | D:5      | Noticed Crazy Yiuf
  6555 | D:5      | Killed Crazy Yiuf
  6555 | D:5      | Reached skill level 5 in Fighting
  7009 | D:5      | Found a shattered altar of Ashenzari.
  7248 | D:6      | Reached skill level 9 in Conjurations
  7248 | D:6      | Reached skill level 1 in Invocations
  7334 | D:6      | Reached XP level 9. HP: 54/54 MP: 12/18
  7796 | D:6      | Noticed Pikel
  7817 | D:6      | Killed Pikel
  8412 | D:6      | Reached * piety under Sif Muna
  8554 | D:7      | Found a large runed translucent door.
  8554 | D:7      | Found a large runed translucent door.
  8557 | D:7      | Noticed acutertriangle's ghost (novice MiBe)
  9891 | D:8      | Found Gixe's Assorted Antiques.
  9891 | D:8      | Found Ceitsynga's Jewellery Boutique.
  9893 | D:8      | Found Nahaloro's Gadget Boutique.
  9893 | D:8      | Found Dyiplihi's General Store.
  9914 | D:8      | Bought a bound brass amulet for 125 gold pieces
  9915 | D:8      | Identified the amulet "Beomo" {Fragile rElec rF+ Regen+}
                  | (You bought it in a shop on level 8 of the Dungeon)
  9969 | D:8      | Noticed Maurice
  9981 | D:8      | Killed Maurice
  9981 | D:8      | Reached skill level 10 in Conjurations
 10120 | D:8      | Bought an uncursed amulet of faith for 400 gold pieces
 10264 | D:8      | Noticed a deep elf mage
 10278 | D:8      | Killed a deep elf mage
 10278 | D:8      | Reached XP level 10. HP: 61/61 MP: 6/20
 10586 | D:8      | Reached ** piety under Sif Muna
 11142 | D:9      | Noticed Harold
 11153 | D:9      | HP: 1/63 [Harold/+2 short sword of freezing (9)]
 11153 | D:9      | Slain by Harold

Vault maps used:
D:1:      eino_arrival_tree_alley, minmay_tree_intersection
D:2:      minmay_roachtagon, first_ration, uniq_terence
D:4:      minmay_chambers_of_fours, uniq_grinder, uniq_sigmund, uniq_eustachio
D:5:      lemuel_coloured_pillars_altar, minmay_temple_entry_sparse_star,
          uniq_blork_the_orc, uniq_crazy_yiuf_cottage
D:6:      gammafunk_ghost_mausoleum, uniq_pikel
D:7:      ebering_ghost_disaster_area
D:8:      nrook_mini_backslash, grunt_ogre_cave, minmay_shop_grid_forest,
          minmay_diamond_spiral, uniq_maurice
D:9:      ebering_ghost_funeral_grove, uniq_gastronok, uniq_harold
Temple:   minmay_crystal_snake_temple

Skill      XL: |  1  2  3  4  5  6  7  8  9 10 |
---------------+-------------------------------+-----
Fighting       | 1 2 3 4 5 6 7 |  7.0
Conjurations   | 6 7 8 9 10 | 10.7
Spellcasting   | 3 4 5 6 |  6.8
Armour         | 1 2 3 4 |  4.0
Hexes          | 2 |  2.5
Invocations    | 1 3 4 |  4.0
Dodging        | 3 4 |  4.2
Stealth        | |  2.0

Action                   |  1- 3 |  4- 6 |  7- 9 | 10-12 || total
-------------------------+-------+-------+-------+-------++-------
Melee: Spear             |    35 |       |       |       ||    35
       Kick              |    10 |    15 |    41 |    13 ||    79
       Unarmed           |     2 |       |       |       ||     2
       Peck              |     6 |    16 |    26 |     7 ||    55
       Short sword       |     5 |    63 |   141 |    33 ||   242
Throw: Tomahawk          |       |       |     2 |       ||     2
 Cast: Magic Dart        |    46 |    57 |    91 |    43 ||   237
       Searing Ray       |     4 |     8 |    13 |     3 ||    28
       Iskenderun's Myst |       |     3 |    10 |     3 ||    16
       Fulminant Prism   |       |       |     3 |       ||     3
 Abil: Fly               |       |     1 |       |       ||     1
Evoke: Wand              |       |       |     8 |     2 ||    10
  Use: Scroll            |     3 |     2 |     5 |     2 ||    12
       Potion            |       |     2 |     2 |       ||     4
 Stab: Sleeping          |       |       |     1 |       ||     1
  Eat: Chunk             |     3 |     9 |    11 |     3 ||    26
       Ration            |       |     1 |     2 |       ||     3
Armor: Robe              |     7 |     3 |       |       ||    10
       Ring mail         |       |    13 |    56 |    21 ||    90
Dodge: Dodged            |    34 |    46 |   127 |    45 ||   252

Table legend:
 A = Non-vault XP
 B = Vault XP
 C = Vault XP percentage of total XP
 D = Non-vault monster count
 E = Vault monster count
 F = Vault count percentage of total count
                 A         B        C        D         E       F
            +---------+---------+-------+---------+---------+-------
      Total |    2947 |    3128 |  51.5 |     148 |      26 |  14.9
            +---------+---------+-------+---------+---------+-------
        D:1 |      40 |       0 |   0.0 |      22 |       0 |   0.0
        D:2 |      81 |      58 |  41.7 |      25 |      11 |  30.6
        D:3 |      59 |       0 |   0.0 |      28 |       0 |   0.0
        D:4 |      34 |     763 |  95.7 |       2 |       6 |  75.0
        D:5 |     352 |     141 |  28.6 |      12 |       2 |  14.3
        D:6 |     895 |     663 |  42.6 |      21 |       1 |   4.5
        D:7 |     695 |       0 |   0.0 |      22 |       0 |   0.0
        D:8 |     791 |    1503 |  65.5 |      16 |       6 |  27.3
            +---------+---------+-------+---------+---------+-------
